Mandevil, neutral male gnomish Wizard -----.----- --------------- ##..........| ##|.............| |........1| # |.............| |.......Y..YG################################..............| #.........#| # |.......`....<| ###----------- ### --------------- # # ### ### -------# ----------- # |...>..# |.........|### |.....| 1 |.......%..###### |.....| |......{..| # ------------ |.....| ----------- ###|..........| |.....| #-..........| |.....| |..........| ------- -.........<| ------------ Mandevil the Thaumaturge Experience level: 9 Strength: 10 Dexterity: 9 Constitution: 17 Intelligence: 19 Wisdom: 15 Charisma: 8 Health: 0(66) Energy: 21(112) AC: 6 Gold: 397 Moves: 6782 Your Inventory: Coins $ - 397 gold pieces Weapons a - an [uncursed +0] runed dagger [elven] (weapon in hand) H - 2 [uncursed +0] daggers (in quiver) K - an [uncursed +0] crude dagger [orcish] R - a [blessed +4] crude dagger [orcish] Armor b - an uncursed +0 cloak of magic resistance (being worn) f - an [uncursed] +0 studded leather armor (being worn) Comestibles i - an [uncursed stale] egg o - an [uncursed] lizard corpse Rings d - an uncursed ring of conflict x - an [uncursed] ring called warning [of warning] (on right hand) I - an [uncursed] ring called teleportation [of teleportation] Wands w - an [uncursed] wand of digging [0:2] L - an [uncursed] wand of cold [0:4] M - an [uncursed] bone wand [of light (0:15)] Tools e - an [uncursed +0] pick-axe h - an uncursed bag of holding k - an [uncursed] lock pick m - a [blessed oil] lamp p - an uncursed tin opener y - an [uncursed +0] unicorn horn W - an [uncursed] expensive camera [0:54] Gems g - an [uncursed] touchstone Contents of the bag of holding: 1285 gold pieces an [uncursed +0 thirsty] curved sword [scimitar] a cursed [-3] dagger a blessed +1 quarterstaff a [blessed +0] mummy wrapping a [cursed +0] pair of boots called combat c1 named cursed [speed] 4 [uncursed] food rations an [uncursed] lizard corpse an [uncursed] scroll called ZELGO MER ea|ew|rc [of remove curse] an [uncursed] scroll called light [of light] 3 [uncursed] scrolls labeled ELBIB YLOH [of enchant weapon] a [cursed] scroll labeled PHOL ENDE WODAN [of punishment] an [uncursed] scroll labeled YUM YUM [of taming] an uncursed scroll of create monster an [uncursed] scroll of identify an uncursed scroll of teleportation 3 [uncursed] unlabeled scrolls [of blank paper] an uncursed spellbook of cure blindness an [uncursed] spellbook of detect monsters a blessed spellbook of force bolt an [uncursed] spellbook of remove curse an [uncursed] greasy potion [of gain energy] an uncursed potion of oil an uncursed potion of see invisible an uncursed potion of sickness an [uncursed] slimy potion [of sleeping] an [uncursed] white potion [of restore ability] an [uncursed] yellow potion [of enlightenment] an uncursed ring of poison resistance an uncursed wand of undead turning (0:4) an uncursed magic marker (0:73) an [uncursed] citrine stone Spells known in the end: Name Level Category Fail Memory a - force bolt 1 attack 0% [||||||..] b - cure blindness 2 healing 0% [||||||..] c - detect monsters 1 divination 0% [||||||||] d - remove curse 3 clerical 63% [||||||||] Your skills at the end: Fighting Skills Weapon Skills quarterstaff [Basic / Expert] Spellcasting Skills attack spells [Basic / Expert] enchantment spells [Basic / Skilled] Final Attributes: You were piously aligned. Hunger level was 52. Your alignment was 43 / 43. Monster difficulty range was 1 - 9. Level difficulty was 10. You resisted cold. You resisted sleep. You resisted poison. You were magic-protected. You were telepathic. You were warned. You had infravision. Your luck was zero. You are dead. Vanquished creatures: a large mimic a small mimic a xan a shocking sphere an ochre jelly 3 ettin zombies a giant beetle 2 quivering blobs a cockatrice 4 winter wolf cubs a panther a leprechaun an iron piercer a mumak a horse a yeti a gold golem a werewolf 2 lizards a housecat a white unicorn 3 dust vortices a snake a soldier ant 2 bugbears an imp a quasit a mountain nymph 2 rock piercers 2 fog clouds 3 yellow lights a gnome lord a kobold mummy 4 gray oozes 2 straw golems a paper golem 4 giant ants a little dog a floating eye a kitten 5 dwarves 4 homunculi a kobold lord a kobold shaman a rothe a centipede a giant bat an orc zombie 2 dwarf zombies 2 wererats 5 iguanas 6 killer bees an acid blob 5 coyotes 2 gas spores 2 hobbits 4 manes 3 large kobolds a hobgoblin 4 giant rats a yellow mold a red mold 2 gnomes 4 garter snakes a gnome zombie 4 geckos 7 jackals 3 foxes 2 kobolds 2 goblins 7 grid bugs a kobold zombie 8 newts 156 creatures vanquished. Voluntary challenges: You were an atheist. You used a wielded weapon 143 times. You read items or engraved 3 times. You put on armor 3 times. You never genocided any monsters. You never polymorphed an object. You never changed form. You used no wishes. You never wrote Elbereth's name. You never encountered a bones level. You never used any Sokoban shortcuts. Dungeon overview: The Dungeons of Doom: levels 1 to 10 Level 1 (VAULT) a long staircase Level 2 a fountain Level 3 a fountain stairs to The Gnomish Mines Level 4 a potion shop Level 5 a throne Level 6 a potion shop, some fountains Level 8 a general store, some fountains Level 9 many fountains Level 10 <- You were here a fountain, a sink a long staircase The Gnomish Mines: levels 4 to 5 Level 4 stairs to The Dungeons of Doom History has recorded: On T:1 you entered the Dungeons of Doom to retrieve the Amulet of Yendor! On T:432 you reached level 2 of The Dungeons of Doom. On T:637 you advanced to experience level 2. On T:748 you advanced to experience level 3. On T:788 you reached level 3 of The Dungeons of Doom. On T:1072 you advanced to experience level 4. On T:1187 you reached level 1 of The Gnomish Mines. On T:1282 you advanced to experience level 5. On T:1287 you reached level 2 of The Gnomish Mines. On T:1542 you advanced to experience level 6. On T:1639 you reached level 4 of The Dungeons of Doom. On T:2107 you reached level 5 of The Dungeons of Doom. On T:3157 you advanced to experience level 7. On T:4481 you reached level 7 of The Dungeons of Doom. On T:4632 you advanced to experience level 8. On T:5244 you reached level 8 of The Dungeons of Doom. On T:5781 you reached level 9 of The Dungeons of Doom. On T:5833 you advanced to experience level 9. On T:6188 you reached level 10 of The Dungeons of Doom. Latest messages: [HP+1=33] The ape hits! (2x) The ape bites! [HP-5=28] [2 turns] [HP+1=29] The ape hits! (2x) The ape bites! [HP-11=18] [2 turns] [HP+1=19] The spell hits the ape! (3x) The ape hits! (2x) The ape bites! [HP-6=13] The spell hits the ape! The spell misses the ape. The ape hits! (2x) The ape bites! The ape hits! (2x) The ape bites! You die... Final status: Goodbye Mandevil the Wizard... You died in The Dungeons of Doom on dungeon level 10 with 12500 points, and 1682 pieces of gold, after 6782 moves. You were level 9 with a maximum of 66 hit points when you died.